 Dungeon Crawl Stone Soup version 0.23-a0-701-gd76f34b (webtiles) character file.

163 Lanoc the Slasher (level 5, 0/46 HPs)
             Began as a Demonspawn Berserker on Jan 12, 2019.
             Was a Believer of Trog.
             Succumbed to an adder's poison
             ... on level 2 of the Dungeon.
             The game lasted 00:02:47 (1542 turns).

Lanoc the Slasher (Demonspawn Berserker)            Turns: 1542, Time: 00:02:48

Health: 0/46       AC:  2    Str: 19    XL:     5   Next: 20%
Magic:  5/5        EV: 13    Int: 13    God:    Trog [**....]
Gold:   42         SH:  4    Dex: 12    Spells: 4/4 levels left

rFire    . . .     SeeInvis +   a - +0 falchion
rCold    . . .     Gourm    .   (no shield)
rNeg     + . .     Faith    .   b - +0 animal skin
rPois    .         Spirit   .   (helmet restricted)
rElec    .         Reflect  .   (no cloak)
rCorr    .         Harm     .   (no gloves)
MR       .....                  (no boots)
Stlth    +.........             (no amulet)
HPRegen  0.15/turn              g - ring of see invisible
MPRegen  0.09/turn              f - ring of positive energy

@: brilliant, lethally poisoned (0 -> -6), berserk cooldown, slowed, very slow
A: antennae 1, talons 1, large bone plates 1, demonic guardian 1, robust 1, rot
immunity
a: Berserk, Trog's Hand, Renounce Religion


You were on level 2 of the Dungeon.
You worshipped Trog.
Trog was pleased with you.
You were near starving.

You visited 1 branch of the dungeon, and saw 2 of its levels.

You collected 42 gold pieces.

Inventory:

Hand Weapons
 a - a +0 falchion (weapon)
Armour
 b - a +0 animal skin (worn)
Jewellery
 f - a ring of positive energy (right hand)
 g - a ring of see invisible (left hand)
Scrolls
 d - 3 scrolls of identify {unknown}
 h - a scroll of noise {unknown}
 j - 2 scrolls of amnesia {unknown}
 m - a scroll of magic mapping {unknown}
 n - a scroll of teleportation {unknown}
Potions
 k - a potion of berserk rage {unknown}
 l - a potion of flight {unknown}
Comestibles
 c - 5 rations


   Skills:
 + Level 3.7 Fighting
 * Level 4.0 Long Blades
 + Level 2.7 Armour
 + Level 2.6 Dodging


You had 4 spell levels left.
You didn't know any spells.
Your spell library was empty.

Dungeon Overview and Level Annotations

Branches:
Dungeon (2/15)

Altars:
Ashenzari
Elyvilon
Kikubaaqudgha
Uskayaw
The Shining One


Innate Abilities, Weirdness & Mutations

You have a pair of small antennae on your head.
You are partially covered in large bone plates. (SH +4)
A weak demonic guardian rushes to your aid.
You are immune to rotting.
You have sharp toenails.
You are robust. (+10% HP)


Message History

You slice the adder!!
You kill the adder!
Trog accepts your kill.
* * * LOW HITPOINT WARNING * * *
You feel sick.
You feel a strong urge to attack something.
* * * LOW HITPOINT WARNING * * *
You feel sick.
* * * LOW HITPOINT WARNING * * *
You feel sick.
You feel your anger nearly subside.
You are no longer berserk.
You are exhausted.
You feel yourself slow down.
It was a potion of mutation.
You feel extremely strange.
You feel robust.
Your toenails lengthen and sharpen.
* * * LOW HITPOINT WARNING * * *
You feel sick.
It was a potion of brilliance.
You feel clever all of a sudden.
You die...

##..........####.# #....#
##..............# #....#
#.#'###'######## #....#
## #.#.# #.# #....# .#
#...###### ##### ##...#
.# ##.....#.###_#.#
##...# .#
#)###.8.#.#.#.#..#...# .#
#..##............#...####
.#
##.##...@.......⌠#.......
##
#..##8.#.#.#.#._########
#######(#####_#.#_# ##
#....##..# ########
#....###(#.#
#####...(###...##.#
....'....'........#
#####....####..####
#....# #.#


There were no monsters in sight!

Vanquished Creatures
  Natasha (D:2)
  6 adders (D:2)
  A worm (D:2)
  2 dart slugs (D:2)
  A leopard gecko (D:1)
  4 bats
  4 giant cockroaches
  5 goblins
  3 hobgoblins
  3 ball pythons
  3 frilled lizards
  4 kobolds
  A rat (D:2)
38 creatures vanquished.

Vanquished Creatures (collateral kills)
  Natasha (twice) (D:2)
  A worm (D:2)
3 creatures vanquished.

Grand Total: 41 creatures vanquished

Notes
Turn   | Place    | Note
-------+----------+-------------------------------------------
     0 | D:1      | Lanoc the Demonspawn Berserker began the quest for the Orb.
     0 | D:1      | Reached XP level 1. HP: 18/18 MP: 1/1
   289 | D:1      | Gained mutation: You are partially covered in large bone
                  | plates. (SH +4) [demonic ancestry]
   289 | D:1      | Reached XP level 2. HP: 24/24 MP: 2/2
   293 | D:1      | Reached skill level 3 in Long Blades
   800 | D:2      | Noticed Natasha
   806 | D:2      | Noticed a crimson imp
   807 | D:2      | Killed Natasha
   807 | D:2      | Gained mutation: A weak demonic guardian rushes to your
                  | aid. [demonic ancestry]
   807 | D:2      | Reached XP level 3. HP: 22/29 MP: 3/3
   871 | D:2      | Reached ** piety under Trog
   917 | D:2      | Gained mutation: You have a pair of small antennae on your
                  | head. [demonic ancestry]
   917 | D:2      | Reached XP level 4. HP: 22/35 MP: 4/4
  1102 | D:2      | Found a hide-covered altar of Uskayaw.
  1395 | D:2      | Noticed Natasha
  1404 | D:2      | Killed Natasha
  1409 | D:2      | Noticed Natasha
  1415 | D:2      | Killed Natasha
  1415 | D:2      | Gained mutation: You are immune to rotting. [demonic
                  | ancestry]
  1415 | D:2      | Reached XP level 5. HP: 12/42 MP: 5/5
  1521 | D:2      | Found a white marble altar of Elyvilon.
  1523 | D:2      | Found an ancient bone altar of Kikubaaqudgha.
  1524 | D:2      | Found a glowing golden altar of the Shining One.
  1525 | D:2      | Found a shattered altar of Ashenzari.
  1534 | D:2      | Reached skill level 4 in Long Blades
  1538 | D:2      | HP: 3/63 [poisoned by an adder]
  1541 | D:2      | Gained mutation: You are robust. (+10% HP) [potion of
                  | mutation]
  1541 | D:2      | Gained mutation: You have sharp toenails. [potion of
                  | mutation]
  1541 | D:2      | HP: 1/46 [poisoned by an adder]
  1542 | D:2      | Succumbed to an adder's poison

Vault maps used:
D:1:      lightli_arrival_lavapool, minmay_misc_feat_roman, st_stairs_5
D:2:      minitemple, nicolae_overflow_crystal_walls, first_ration,
          minmay_heptomino_h4, uniq_natasha, uniq_sigmund

Skill      XL: |  1  2  3  4  5 |
---------------+----------------+-----
Long Blades    | 3 4 |  4.0
Armour         | 2 |  2.7
Dodging        | 2 |  2.6
Fighting       | |  3.7

Action                   |  1- 3 |  4- 6 || total
-------------------------+-------+-------++-------
Melee: Falchion          |    87 |    49 ||   136
Invok: Berserk           |     4 |     2 ||     6
  Use: Potion            |     1 |     2 ||     3
 Stab: Sleeping          |     2 |       ||     2
  Eat: Chunk             |     3 |     3 ||     6
Armor: Animal skin       |    18 |     5 ||    23
Dodge: Dodged            |    65 |    36 ||   101
Block: Other             |    12 |    11 ||    23
       Rpst.: Falchion   |    14 |    11 ||    25

Table legend:
 A = Non-vault XP
 B = Vault XP
 C = Vault XP percentage of total XP
 D = Non-vault monster count
 E = Vault monster count
 F = Vault count percentage of total count
                 A         B        C        D         E       F
            +---------+---------+-------+---------+---------+-------
      Total |     176 |      57 |  24.5 |      35 |       6 |  14.6
            +---------+---------+-------+---------+---------+-------
        D:1 |      29 |       4 |  12.1 |      16 |       2 |  11.1
        D:2 |     147 |      53 |  26.5 |      19 |       4 |  17.4
            +---------+---------+-------+---------+---------+-------
